Unix NetHack Version 5.0.0-0 post-release - last build May 31 2026 23:59:36 (970b52f25bf058293b47ddfd14a1e40e571c508c,branch:main).

Game began 2026-06-09 12:00:52, ended 2026-06-09 12:18:06.

ARFwashere, lawful male dwarven Archeologist

                                                  #
                                              ----|--
                                              |.....|          ------
                                              |.....-#         |....|
                                              +.....|#        #-....|
                                              |...<.|#        #|....|
                                              |.....|#        #|....|
                                              -------#    #####--.---
                                                    ##    #      #
                                                    #     #      #
                                                    #     #      ####
                                                   ##     #         #
                                                   #------#         #
                                                   #.....|#         ##
                                                 #  |....|#       ---.-
                                                 ##B@...i.#       |...|
                                                    ------        |..>|
                                                                  |...|
                                                                  |...|
                                                                  -----

ARFwashere the Field Worker  St:14 Dx:10 Co:13 In:16 Wi:13 Ch:11  Lawful
Dlvl:3  $:33 HP:0(37) Pw:13(13) AC:-2 Xp:4 T:2510  Burdened

Latest messages:
 The giant bat misses!
 You lash the giant bat.
 The giant bat bites!
 The giant bat bites!
 The giant bat bites!
 The giant bat misses!
 You miss the giant bat.
 The giant bat misses!
 The giant bat bites!
 You miss the giant bat.
 The giant bat misses!
 The giant bat misses!
 You lash the giant bat.
 The giant bat bites!
 The giant bat bites!
 The giant bat bites!
 The giant bat just misses!
 You miss the giant bat.
 The giant bat bites!
 The giant bat bites!
 Are you sure you want to pray? [yn] (n) y
 You begin praying to Quetzalcoatl.
 You are surrounded by a shimmering light.
 The giant bat starts to attack you, but pulls back.
 The giant bat starts to attack you, but pulls back.
 The giant bat starts to attack you, but pulls back.
 The giant bat starts to attack you, but pulls back.
 The giant bat starts to attack you, but pulls back.
 The giant bat starts to attack you, but pulls back.
 You finish your prayer.
 You feel that Quetzalcoatl is well-pleased.
 Your bullwhip softly glows with a light blue aura.
 The giant bat misses!
 You miss the giant bat.
 The giant bat bites!
 The giant bat bites!
 The giant bat misses!
 The giant bat misses!
 You miss the giant bat.
 The giant bat misses!
 The giant bat bites!
 What do you want to put on? [F or ?*] F
 F - an uncursed spherical amulet (being worn).
 The giant bat bites!
 You die...
 Do you want your possessions identified? [ynq] (y) y
 Do you want to see your attributes? [ynq] (y) y
 Do you want an account of creatures vanquished? [ynaq] (y) n
 Do you want to see your conduct and achievements? [ynq] (y) y
 Do you want to see the dungeon overview? [ynq] (y) n

Inventory:
 Coins    ('$')
  $ - 33 gold pieces
 Amulets  ('"')
  F - an uncursed amulet of unchanging (being worn)
 Weapons  (')')
  a - a blessed +2 bullwhip (weapon in right hand)
 Armor    ('[')
  u - an uncursed +0 orcish helm (being worn)
  s - a blessed +3 pair of iron shoes (being worn)
  l - an uncursed +0 banded mail (being worn)
 Comestibles  ('%')
  d - 8 uncursed food rations
  m - an uncursed pancake
  y - a cursed tripe ration
 Scrolls  ('?')
  w - an uncursed scroll of amnesia
  B - a blessed scroll of create monster
  t - an uncursed scroll of create monster
  o - a cursed scroll of enchant armor named cursed?
 Spellbooks  ('+')
  p - an uncursed spellbook of healing
 Tools    ('(')
  D - an empty uncursed bag of holding
  h - an empty uncursed sack
  e - a +0 pick-axe (alternate weapon; not wielded)
  i - an uncursed tin opener
  f - a tinning kit (0:88)
 Gems/Stones  ('*')
  r - an uncursed jet stone
  g - an uncursed touchstone

ARFwashere the Archeologist's attributes:

Background:
 You were a Field Worker, a level 4 male dwarven Archeologist.
 You were lawful, on a mission for Quetzalcoatl
 who was opposed by Camaxtli (neutral) and Huhetotl (chaotic).
 You were right-handed.
 You were in the Dungeons of Doom, on level 3.
 You entered the dungeon 2510 turns ago.
 You had 123 experience points, 37 more were needed to attain level 5.

Basics:
 You had 0 out of 37 hit points.
 You had all 13 energy points (spell power).
 Your armor class was -2.
 Your wallet contained 33 zorkmids.
 Autopickup was on for '$' plus thrown.

Final Characteristics:
 Your strength was 14 (limit:18/100).
 Your dexterity was 10 (limit:20).
 Your constitution was 13 (limit:20).
 Your intelligence was 16 (limit:16).
 Your wisdom was 13 (limit:16).
 Your charisma was 11 (limit:16).

Final Status:
 You weren't hungry.
 You were burdened; movement was slightly slowed.
 You were wielding a whip.
 You had basic skill with whip and could have enhanced that.

Final Attributes:
 You were piously aligned.
 You had automatic searching.
 You had infravision.
 You were warded.
 You couldn't change from your current form.
 You are dead.

Miscellaneous:
 You didn't encounter any bones levels.
 Total elapsed playing time was 17 minutes and 13 seconds.

Major events:
 Turn
    1: ARFwashere the lawful male dwarven Archeologist entered the dungeon
 1162: entered the Gnomish Mines
 1469: attained the rank of Field Worker (level 3)
 2510: killed by a giant bat

You didn't know any spells.

Skills:
 Fighting Skills
   bare handed combat [Unskilled]
   two weapon combat  [Unskilled]
   riding             [Unskilled]
 Weapon Skills
   dagger             [Unskilled]
   knife              [Unskilled]
   pick-axe           [Basic]
   short sword        [Unskilled]
   saber              [Unskilled]
   club               [Unskilled]
   quarterstaff       [Unskilled]
   sling              [Unskilled]
   dart               [Unskilled]
   boomerang          [Unskilled]
   whip               [Basic]
   unicorn horn       [Unskilled]
 Spellcasting Skills
   attack spells      [Unskilled]
   healing spells     [Unskilled]
   divination spells  [Unskilled]
   matter spells      [Unskilled]

Voluntary challenges:
 Character rerolling was not enabled.
 You never genocided any monsters.
 You never polymorphed an object.
 You never changed form.
 You used no wishes.
Achievements:
 You entered the Gnomish Mines.
 You attained the rank of Field Worker.

 The Dungeons of Doom: levels 1 to 4
    Level 1:
    Level 2:
       An altar to Quetzalcoatl, a grave.
       Stairs down to The Gnomish Mines.
    Level 3: <- You were here.
       Final resting place for
          you, killed by a giant bat.
    Level 4:
 The Gnomish Mines:
    Level 3:


Vanquished creatures:
  a little dog
  a homunculus
  a giant bat
 an acid blob
  4 coyotes
  a gas spore
  a manes
  a hobgoblin
  5 giant rats
  2 green molds
  4 gnomes
  4 geckos
  2 jackals
  2 foxes
  2 goblins
  a sewer rat
  5 grid bugs
  a bat
  4 lichens
  a kobold zombie
  5 newts
49 creatures vanquished.

No species were genocided or became extinct.

Game over:
                       ----------
                      /          \
                     /    REST    \
                    /      IN      \
                   /     PEACE      \
                  /                  \
                  |    ARFwashere    |
                  |      33 Au       |
                  |   killed by a    |
                  |    giant bat     |
                  |                  |
                  |                  |
                  |       2026       |
                 *|     *  *  *      | *
        _________)/\\_//(\/(/\)/\//\/|_)_______

Goodbye ARFwashere the Archeologist...

You died in The Dungeons of Doom on dungeon level 3 with 692 points,
and 33 pieces of gold, after 2510 moves.
You were level 4 with a maximum of 37 hit points when you died.

